 Dungeon Sprint DCSS version 0.32-a0-42-ga30500b4d3 (webtiles) character file.

Game seed: 14653746077259574576

17815 rocky1 the Bludgeoner (level 12, -7/139 HPs)
             Began as a Gargoyle Fighter on Jan 27, 2024.
             Was an Initiate of Gozag.
             Mangled by a daeva
             ... wielding a +4 eudemon blade of holy wrath
              (11 damage)
             ... in the Dungeon (Sprint VII: "The Pits").
             The game lasted 00:11:45 (4258 turns).

rocky1 the Bludgeoner (Gargoyle Fighter)            Turns: 4258, Time: 00:11:47

Health: -7/139     AC: 32    Str: 25    XL:     12   Next: 52%
Magic:  12/12      EV: 11    Int:  6    God:    Gozag
Gold:   622        SH:  7    Dex:  9    Spells: 11/11 levels left

rFire   + + +        d - +2 eveningstar
rCold   + . .        c - +0 buckler
rNeg    + + +        b - +3 chain mail {rF+}
rPois   ∞            (no helmet)
rElec   +            o - +1 cloak {Stlth+}
rCorr   +            (no gloves)
SInv    .            x - +0 pair of boots
Will    .....        I - amulet of magic regeneration Stlth
                     B - ring of protection from fire
HPRegen 0.43/turn    H - ring of the Barnacle {rPois rN+++ AC+4 Int-3 Stlth+}
MPRegen 0.53/turn

%: no teleportation
@: mighty, berserking (expiring), resistant, weak-willed, hasted, glowing,
invisible (but backlit and visible), very quick
A: sickness immunity, AC +8, negative energy resistance 1, electricity
resistance, torment resistance 1, petrification resistance
a: Renounce Religion, Potion Petition, Call Merchant, Bribe Branch


You were in the Dungeon.
You worshipped Gozag.
Gozag was pleased with you.
You visited 1 branch You collected 6699 gold pieces.
You spent 2405 gold pieces at shops.
You paid 3672 gold pieces to Gozag.

Inventory:

Hand Weapons
 d - a +2 eveningstar (weapon)
 p - a +2 heavy flail
 D - the +4 flail "Fefel" {flame, rC+ Will+ Dex+3}
   (You bought it in a shop in the Dungeon)

   Dex+3:     It affects your dexterity (+3).
   rC+:       It protects you from cold.
   Will+:     It increases your willpower.
Missiles
 g - 5 javelins (quivered)
Armour
 b - a +3 chain mail of fire resistance (worn)
 c - a +0 buckler (worn)
 o - a +1 cloak of stealth (worn)
 x - a +0 pair of boots (worn)
 E - the +6 chain mail "Ibymoihu" {rN+}
   (You bought it in a shop in the Dungeon)

   rN+:       It protects you from negative energy.
 G - a +1 plate armour of fire resistance
Jewellery
 s - a +3 ring of protection
 t - a +3 ring of protection
 z - a ring of fire
 B - a ring of protection from fire (left hand)
 H - the ring of the Barnacle (right hand) {rPois rN+++ AC+4 Int-3 Stlth+}
   (You bought it in a shop in the Dungeon)

   [ring of protection]

   AC+4:      It affects your AC (+4).
   Int-3:     It affects your intelligence (-3).
   rPois:     It protects you from poison rN+++: It renders you almost immune to
   negative energy.
   Stlth+:    It makes you more stealthy.
 I - an amulet of magic regeneration (around neck)
Wands
 a - a wand of mindburst (4)
 C - a wand of charming (4)
 F - a wand of digging (4)
Scrolls
 j - a scroll of blinking
 l - 2 scrolls of vulnerability
 m - 5 scrolls of amnesia
 n - 2 scrolls of butterflies
 q - 4 scrolls of identify
 r - 2 scrolls of fog
 w - 2 scrolls of fear
Potions
 e - 11 potions of curing
 f - 3 potions of heal wounds
 h - 5 potions of magic
 i - 2 potions of berserk rage
 k - a potion of invisibility
 u - 5 potions of brilliance
 v - a potion of might
 A - a potion of lignification


   Skills:
 + Level 18.3 Fighting
 * Level 18.5 Maces & Flails
 - Level 4.2 Throwing
 - Level 12.2 Armour
 - Level 8.6 Dodging
 - Level 14.5 Shields


You had 11 spell levels left.
You didn't know any spells.
Your spell library contained the following spells:

 Spells                   Type           Power      Damage    Failure   Level
 Volatile Blastmotes      Fire/Tloc      0%         2d10      99%         3
 Fulminant Prism          Conj/Alch      0%         3d5       100%        4
 Iskenderun's Mystic Bla  Conj/Tloc      0%         2d3       100%        4


Dungeon Overview and Level Annotations

Branches:
Dungeon (1/1)

Altars:
Ashenzari
Cheibriados
Dithmenos
Elyvilon
Fedhas
Gozag
Hepliaklqana
Kikubaaqudgha
Makhleb
Nemelex Xobeh
Okawaru
Qazlal
Ru
Sif Muna
Trog
Uskayaw
Vehumet
Wu Jian
Xom
Yredelemnul
Zin
The Shining One
Jiyva
Lugonu

Shops:
D [*


Innate Abilities, Weirdness & Mutations

You are immune to sickness and miasma.
Your stone body is resilient. (AC +8)
You are immune to poison.
You resist negative energy. (rN+)
You are resistant to electric shocks. (rElec)
You are resistant to unholy torment.
You are immune to petrification.


Message History

The daeva hits you with a +4 eudemon blade of holy wrath!
The daeva hits you with a +4 eudemon blade of holy wrath.
The eye of devastation gazes at you. The bolt of devastation hits you!!
Your willpower is stripped away!
You hit the daeva but do no damage.
The daeva is heavily wounded.
The daeva blocks your attack.
The daeva is heavily wounded.
The daeva hits you but does no damage.
The daeva hits you with a +4 eudemon blade of holy wrath.
You sock the daeva!
The daeva is heavily wounded.
The daeva blocks your attack.
The daeva is heavily wounded.
The daeva calls down the wrath of the Shining One upon you.
The Shining One smites you!
* * * LOW HITPOINT WARNING * * *
The daeva blocks your attack.
The daeva is heavily wounded.
You are no longer corroded.
The daeva blocks your attack.
The daeva is heavily wounded.
The daeva closely misses you. The daeva hits you but does no damage.
You hit the daeva.
The daeva is heavily wounded.
The daeva blocks your attack.
The daeva is heavily wounded.
The daeva hits you with a +4 eudemon blade of holy wrath!
* * * LOW HITPOINT WARNING * * *
The daeva hits you with a +4 eudemon blade of holy wrath!
* * * LOW HITPOINT WARNING * * *
The daeva blocks your attack.
The daeva is heavily wounded.
The daeva blocks your attack.
The daeva is heavily wounded.
The daeva hits you with a +4 eudemon blade of holy wrath.
* * * LOW HITPOINT WARNING * * *
The daeva hits you with a +4 eudemon blade of holy wrath!
You die...
Your body crumbles into a pile of gold.

#..#....#..#
+..........#
+..........#
#..#....#..#
#..........+
#..........+
###''####''#
###''####''############
#....A@##..............
#.#'##G##..............
#.#)['.##..############
# 'G[#.##..#
.#.[+.##..#
###########.+.G#.##..#
.....##..## ##+#.##..#
.....##..# ..##..#
.....''..# #..#


You could see a daeva and an eye of devastation.

Vanquished Creatures
  A profane servitor (D)
  Snorg (D)
  A catoblepas (D)
  A vampire mage (D)
  Urug (D)
  2 demonic crawlers (D)
  A fire crab (D)
  3 skeletal warriors (D)
  A sea snake (D)
  A deep elf pyromancer (D)
  An ugly thing (D)
  Maurice (D)
  3 elephants (D)
  An orange demon (D)
  A gargoyle (D)
  A black mamba (D)
  2 smoke demons (D)
  An ice devil (D)
  A guardian mummy (D)
  A red devil (D)
  A wandering mushroom (D)
  A troll (D)
  A hornet (D)
  A polar bear (shapeshifter) (D)
  2 glass eyes (D)
  2 slime creatures (D)
  A shadow (D)
  5 yaks (D)
  2 wraiths (D)
  4 redbacks (D)
  5 vampire mosquitoes (D)
  Menkaure (D)
  3 acid dragons (D)
  A water moccasin (D)
  A swamp drake (D)
  3 wolves (D)
  A crocodile (D)
  An ogre (D)
  A kobold brigand (D)
  2 necrophages (D)
  A scorpion (D)
  A hound (D)
  A jelly (D)
  Crazy Yiuf (D)
  2 iguanas (D)
  2 orc wizards (D)
  A hell rat (D)
  Terence (D)
  A gnoll (D)
  2 river rats (D)
  2 adders (D)
  An orc (D)
  2 goblins (D)
  2 hobgoblins (D)
  4 jackals (D)
  2 quokkas (D)
  A ball python simulacrum (D)
  A bat (D)
  2 frilled lizards (D)
  A quokka skeleton (D)
96 creatures vanquished.

Vanquished Creatures (others)
  A slime creature (D)
  A ball python (D)
  2 jackals (D)
4 creatures vanquished.

Grand Total: 100 creatures vanquished

Notes
Turn   | Place    | Note
-------+----------+-------------------------------------------
     0 | D        | rocky1 the Gargoyle Fighter began the quest for the Orb.
     0 | D        | Reached XP level 1. HP: 14/14 MP: 1/1
    22 | D        | Found a bloodstained altar of Trog.
    22 | D        | Found a shimmering blue altar of Sif Muna.
    22 | D        | Found a viscous altar of Jiyva.
    22 | D        | Found a hazy altar of Hepliaklqana.
    22 | D        | Found an opulent altar of Gozag.
    23 | D        | Found a glowing golden altar of the Shining One.
    23 | D        | Found a glowing silver altar of Zin.
    23 | D        | Found a basalt altar of Yredelemnul.
    23 | D        | Found a shimmering altar of Xom.
    23 | D        | Found an ornate altar of the Wu Jian Council.
    23 | D        | Found a sacrificial altar of Ru.
    23 | D        | Found a stormy altar of Qazlal.
    23 | D        | Found an iron altar of Okawaru.
    23 | D        | Found a sparkling altar of Nemelex Xobeh.
    23 | D        | Found a burning altar of Makhleb.
    23 | D        | Found a blossoming altar of Fedhas.
    23 | D        | Found a white marble altar of Elyvilon.
    23 | D        | Found a shadowy altar of Dithmenos.
    23 | D        | Found a snail-covered altar of Cheibriados.
    26 | D        | Found a corrupted altar of Lugonu.
    26 | D        | Found a radiant altar of Vehumet.
    27 | D        | Found an ancient bone altar of Kikubaaqudgha.
    27 | D        | Found a hide-covered altar of Uskayaw.
    27 | D        | Found a broken altar of Ashenzari.
    30 | D        | Became a worshipper of Gozag Ym Sagoz the Greedy
    63 | D        | Noticed a glass eye
    89 | D        | Killed a glass eye
    90 | D        | Reached skill level 5 in Maces & Flails
    90 | D        | Reached skill level 5 in Armour
    90 | D        | Reached XP level 2. HP: 23/23 MP: 2/2
    90 | D        | Reached XP level 3. HP: 28/28 MP: 3/3
    90 | D        | Reached XP level 4. HP: 32/32 MP: 4/4
    90 | D        | Reached XP level 5. HP: 37/37 MP: 5/5
   151 | D        | Reached XP level 6. HP: 44/44 MP: 6/6
   481 | D        | Noticed Terence
   595 | D        | Killed Terence
   639 | D        | Noticed Crazy Yiuf
   650 | D        | Killed Crazy Yiuf
   800 | D        | Noticed Menkaure
   800 | D        | Noticed a glass eye
   804 | D        | Reached XP level 7. HP: 21/50 MP: 7/7
   823 | D        | Killed a glass eye
   826 | D        | Killed Menkaure
   884 | D        | Noticed Urug
   884 | D        | Noticed a slime creature
   884 | D        | Noticed a slime creature
   884 | D        | Noticed a slime creature
   884 | D        | Noticed a slime creature
   884 | D        | Noticed a slime creature
   926 | D        | Killed a slime creature
   927 | D        | Reached skill level 10 in Fighting
   927 | D        | Reached skill level 10 in Shields
   927 | D        | Reached XP level 8. HP: 36/57 MP: 8/8
   943 | D        | Killed Urug
   944 | D        | Reached skill level 5 in Dodging
   947 | D        | Killed a slime creature
   948 | D        | Reached skill level 10 in Maces & Flails
   948 | D        | Reached XP level 9. HP: 40/64 MP: 9/9
   966 | D        | Killed a very large slime creature
  1189 | D        | Noticed Maurice
  1208 | D        | Killed Maurice
  1362 | D        | Noticed a sea snake
  1374 | D        | Killed a sea snake
  1457 | D        | Bought a +3 chain mail of fire resistance for 318 gold
                  | pieces
  1457 | D        | Bought a +1 cloak of stealth for 198 gold pieces
  1486 | D        | Noticed a troll
  1495 | D        | Killed a troll
  1496 | D        | Reached XP level 10. HP: 53/72 MP: 10/10
  1563 | D        | Noticed a smoke demon
  1569 | D        | Killed a smoke demon
  1570 | D        | Reached skill level 10 in Armour
  1618 | D        | Noticed an elephant
  1620 | D        | Noticed a smoke demon
  1632 | D        | Killed an elephant
  1644 | D        | HP: 2/73 [smoke demon/divine providence (11)]
  1647 | D        | Killed a smoke demon
  1987 | D        | Noticed a catoblepas
  2001 | D        | Killed a catoblepas
  2102 | D        | Noticed a black mamba
  2112 | D        | Killed a black mamba
  2320 | D        | Noticed an elephant
  2327 | D        | Reached XP level 11. HP: 74/80 MP: 11/11
  2345 | D        | Reached skill level 1 in Throwing
  2362 | D        | Reached skill level 15 in Fighting
  2507 | D        | Noticed a demonic crawler
  2508 | D        | Noticed a deep elf pyromancer
  2522 | D        | Killed a demonic crawler
  2555 | D        | Killed a deep elf pyromancer
  3066 | D        | Bought a crystal flail for 229 gold pieces
  3066 | D        | Identified the +4 flail "Fefel" {flame, rC+ Will+ Dex+3}
                  | (You bought it in a shop in the Dungeon)
  3066 | D        | Bought a potion of magic for 216 gold pieces
  3066 | D        | Bought a slimy chain mail for 256 gold pieces
  3066 | D        | Identified the +6 chain mail "Ibymoihu" {rN+} (You bought
                  | it in a shop in the Dungeon)
  3066 | D        | Bought a glass wand for 108 gold pieces
  3066 | D        | Bought a glowing plate armour for 702 gold pieces
  3066 | D        | Bought a scroll of fear for 108 gold pieces
  3066 | D        | Bought a coiled steel ring for 135 gold pieces
  3066 | D        | Identified the ring of the Barnacle {rPois rN+++ AC+4 Int-3
                  | Stlth+} (You bought it in a shop in the Dungeon)
  3066 | D        | Bought a large platinum amulet for 135 gold pieces
  3083 | D        | Noticed a vampire mage
  3110 | D        | Killed a vampire mage
  3498 | D        | Noticed Snorg
  3512 | D        | Killed Snorg
  3513 | D        | Reached skill level 15 in Maces & Flails
  3869 | D        | Noticed a demonic crawler
  3883 | D        | Killed a demonic crawler
  4045 | D        | Noticed a skeletal warrior
  4045 | D        | Noticed a skeletal warrior
  4047 | D        | Noticed a skeletal warrior
  4063 | D        | Killed a skeletal warrior
  4064 | D        | Reached XP level 12. HP: 91/91 MP: 12/12
  4187 | D        | Noticed a daeva
  4187 | D        | Noticed a profane servitor
  4217 | D        | Killed a profane servitor
  4258 | D        | HP: 4/139 [daeva/+4 eudemon blade of holy wrath (5)]
  4258 | D        | Mangled by a daeva

Illustrated notes

Levels and vault maps discovered:
D:        pitsprint [storerooms_1, entrance_room_1, metal_vault_6, armoury_3,
          mini_pit_1, grid_room_1, main_hall_1, silver_pit, the_coven_3,
          the_vestibule_1, steel_vault_2, golden_pit, hallway_of_sentries,
          crystal_vault_5, iron_vault_4, final_vault]

Skill      XL: |  1  2  3  4  5  6  7  8  9 10 11 12 |
---------------+-------------------------------------+-----
Fighting       | 6 7 8 10 11 12 14 17 18 | 18.3
Maces & Flails | 5 6 7 8 10 11 13 16 18 | 18.5
Armour         | 5 6 7 8 9 11 12 | 12.2
Dodging        | 2 3 4 5 6 7 8 |  8.6
Shields        | 6 7 8 10 11 12 14 | 14.5
Throwing       | 4 |  4.2

Action                     |  1- 3 |  4- 6 |  7- 9 | 10-12 || total
---------------------------+-------+-------+-------+-------++-------
  Melee: Flail             |    28 |    98 |    61 |       ||   187
         Eveningstar       |       |       |    30 |   340 ||   370
 Invoke: Call Merchant     |       |       |     1 |     1 ||     2
         Potion Petition   |       |       |       |     4 ||     4
    Use: Potion            |       |     1 |     6 |    10 ||    17
         Scroll            |       |       |       |     3 ||     3
   Stab: Invisible         |       |       |     1 |     1 ||     2
         Distracted        |       |       |     1 |     2 ||     3
         Petrified         |       |       |       |     4 ||     4
 Armour: Scale mail        |     4 |    71 |       |       ||    75
         Plate armour      |       |    28 |    17 |       ||    45
         Chain mail        |       |       |    36 |   277 ||   313
  Dodge: Dodged            |     2 |    49 |    26 |   117 ||   194
  Block: Buckler           |       |    25 |    12 |    96 ||   133

Table legend: (Time is in decaauts)
 A = Elapsed time spent in this place.
 B = Non-inter-level travel time spent in this place.
 C = Inter-level travel time spent in this place.
 D = Time resting spent in this place.
 E = Time spent auto-exploring this place.
 F = Levels seen in this place.
 G = Mean time per level.
                   A        B        C        D        E       F      G
               +--------+--------+--------+--------+--------+-----+--------+
         Total |   4191 |   4125 |     66 |   2624 |      0 |   1 | 4191.0 |
       Dungeon |   4191 |   4125 |     66 |   2624 |      0 |   1 | 4191.0 |
               +--------+--------+--------+--------+--------+-----+--------+

Top non-repeatable levels by time:
       D: 4191 daAuts
